 Dungeon Crawl Stone Soup version 0.17-a0-1132-g5dd4065 (webtiles) character file.

288 MonkeyBuisness the Shield-Bearer (level 6, -1/39 HPs)
             Began as a Gargoyle Fighter on May 25, 2015.
             Slain by a gnoll
             ... wielding a +0 flail
              (9 damage)
             ... on level 2 of the Dungeon.
             The game lasted 00:05:03 (2897 turns).

MonkeyBuisness the Shield-Bearer (Gargoyle Fighter) Turns: 2897, Time: 00:05:03

Health: -1/39      AC: 12    Str: 19    XL:     6   Next: 31%
Magic:  6/6        EV:  8    Int:  9    God:
Gold:   120        SH:  9    Dex: 11    Spells: 0 memorised, 5 levels left

rFire  . . .     SeeInvis .     a - +0 flail
rCold  . . .     Clarity  .     b - +0 scale mail
rNeg   + . .     SustAt   .     c - +0 shield
rPois  ∞         Gourm    .     (no helmet)
rElec  +         Spirit   .     q - +0 cloak
rCorr  .         Warding  .     (no gloves)
rMut   .         Stasis   .     (no boots)
MR     .....                    (no amulet)
Stlth  ..........               (no ring)
                                (no ring)

@: not resistant to hostile enchantments, extremely unstealthy
A: negative energy resistance 1, electricity resistance, unbreathing,
petrification resistance, rot immunity, AC +4
a: no special abilities


You were on level 2 of the Dungeon.
You were full.

You visited 1 branch of the dungeon, and saw 3 of its levels.

You collected 120 gold pieces.

Inventory:

Hand weapons
 a - a +0 flail (weapon)
Armour
 b - a +0 scale mail (worn)
 c - a +0 shield (worn)
 q - a +0 cloak (worn)
   (You found it on level 1 of the Dungeon)
Scrolls
 f - a scroll of enchant armour {unknown}
 k - a scroll of teleportation {unknown}
 o - 6 scrolls of identify {unknown}
 r - 2 scrolls of noise {unknown}
 s - a scroll of immolation {unknown}
 v - a scroll of blinking {unknown}
Potions
 d - a potion of might
 i - a potion of heal wounds {unknown}
 m - 2 potions of magic {unknown}
 n - a potion of ambrosia {unknown}
 p - 3 potions of brilliance {unknown}
 t - a potion of flight {unknown}
 u - a potion of poison {unknown}
Comestibles
 e - 2 bread rations {@e1}
 g - a royal jelly
 h - 2 beef jerkies
 j - 8 fruits
 l - 3 meat rations {@e2}


   Skills:
 + Level 4.4 Fighting
 + Level 3.4 Maces & Flails
 + Level 4.2 Armour
 + Level 1.4 Dodging
 + Level 4.8 Shields


You had 5 spell levels left.
You didn't know any spells.

Dungeon Overview and Level Annotations

Branches:
Dungeon (3/15)

Altars:
Elyvilon
Okawaru
Yredelemnul


Innate Abilities, Weirdness & Mutations

You are resistant to torment.
Your stone body is resilient (AC +4).
You are immune to poison.
You resist negative energy.
You are resistant to electric shocks.
You can survive without breathing.
You are immune to petrification.
You are immune to rotting.


Message History

The hippogriff claws you but does no damage.
A gnoll comes into view. It is wielding a halberd.
You take 4 damage, and have 17/33 hp.
The hippogriff bites you but does no damage.
The hippogriff pecks you but does no damage.
The hippogriff claws you but does no damage.
There is a stone staircase leading up, spattered with blood here.
The hippogriff bites you. The hippogriff pecks you.
The hippogriff barely misses you.
You climb upwards.
There is a stone staircase leading down here.
You take 5 damage, and have 12/33 hp.
You block the hippogriff's attack.
The hippogriff pecks you but does no damage.
You block the hippogriff's attack.
You feel very mighty all of a sudden. The hippogriff bites you.
* * * LOW HITPOINT WARNING * * *
The hippogriff closely misses you. The hippogriff barely misses you.
You take 4 damage, and have 8/33 hp.
You barely miss the hippogriff.
The hippogriff bites you but does no damage.
You block the hippogriff's attack. The hippogriff closely misses you.
You thump the hippogriff!
The hippogriff bites you but does no damage.
The hippogriff pecks you but does no damage.
You block the hippogriff's attack.
The hippogriff bites you but does no damage.
The hippogriff pecks you.
* * * LOW HITPOINT WARNING * * *
The hippogriff claws you.
* * * LOW HITPOINT WARNING * * *
You take 7 damage, and have 2/33 hp.
MASSIVE DAMAGE!!
You sock the hippogriff!
You kill the hippogriff!
Your Armour skill increases to level 4!
You have reached level 6!
Your experience leads to an increase in your attributes!
Your base attributes are Str 19, Int 9, Dex 10.
Increase (S)trength, (I)ntelligence, or (D)exterity?
You feel agile.
MP restored: 6 You see here a hippogriff corpse.
You start resting.
You feel a little less mighty now.
You regained 8 hp, and now have 10/39 hp.
You start resting.
A rat comes into view.
You regained 2 hp, and now have 12/39 hp.
You are too injured to fight recklessly!
You are too injured to fight recklessly!
You are too injured to fight recklessly!
There is a stone staircase leading down here.
You hit the rat but do no damage. You block the rat's attack.
You sock the rat!
You kill the rat!
You start resting.
Health restored: 39
There is a stone staircase leading down here.
You see here a hippogriff skeleton.
There is a stone staircase leading down here.
You climb downwards.
You block the gnoll's attack.
The gnoll hits you but does no damage. x2
There is a stone staircase leading up, spattered with blood here.
You closely miss the gnoll. You block the gnoll's attack.
You block the gnoll's attack.
You hit the gnoll. The gnoll hits you but does no damage.
The gnoll hits you with a flail!
You take 7 damage, and have 32/39 hp.
You barely miss the gnoll. The gnoll hits you but does no damage.
The gnoll hits you with a flail! The gnoll hits you.
You take 11 damage, and have 21/39 hp.
MASSIVE DAMAGE!!
You aren't carrying or standing over any spellbooks.
You aren't carrying or standing over any spellbooks.
The gnoll hits you but does no damage. x2
You climb upwards.
There is a stone staircase leading down here.
The gnoll hits you.
You see here a hippogriff skeleton.
You take 1 damage, and have 20/39 hp.
You hit the gnoll. The gnoll hits you with a flail. The gnoll hits you.
You take 6 damage, and have 14/39 hp.
You hit the gnoll. You hit the gnoll. You block the gnoll's attack.
The gnoll hits you but does no damage.
You sock the gnoll!
You kill the gnoll!
You block the gnoll's attack. The gnoll hits you with a flail!
* * * LOW HITPOINT WARNING * * *
You take 7 damage, and have 8/39 hp.
You see here a hippogriff skeleton.
You barely miss the gnoll. The gnoll hits you with a flail.
* * * LOW HITPOINT WARNING * * *
You take 1 damage, and have 7/39 hp.
Your scale mail prevents you from hitting the gnoll.
The gnoll hits you but does no damage. You block the gnoll's attack.
You hit the gnoll but do no damage. The gnoll hits you with a flail!
You die...

#####.#.# #.......# #.#.
#.....#.# ######### #.#.
#....##+### #....# #>#.
#.........# #....# #...
## #.........# #....#
###. .# #.........#
#....#####. .#
#.##......#
########....'..... .#
#.##......#
#.g.........####..
.###.##†.....#
#@#####.....# #..
......'......#
#.>.........# #..
.....##......#
#..........#####..
.#############
#..........+......
.......#
#######..........######.
.......#
#.....#.................
.......#
#.....#.#####'#+#.######
......## #.....#.#
#.#.#.# ......#
#.....#.# #.#.#.#


You could see a gnoll.

Vanquished Creatures
  A hippogriff (D:2)
  5 gnolls
  3 adders
  4 worms
  2 giant geckos
  6 orcs (D:3)
  A bat (D:3)
  5 giant cockroaches
  6 goblins
  6 hobgoblins
  8 jackals
  2 ball pythons
  2 giant newts (D:1)
  6 kobolds
  10 rats
67 creatures vanquished.

Notes
Turn   | Place    | Note
--------------------------------------------------------------
     0 | D:1      | MonkeyBuisness the Gargoyle Fighter began the quest for the Orb.
     0 | D:1      | Reached XP level 1. HP: 14/14 MP: 1/1
   109 | D:1      | Reached XP level 2. HP: 19/19 MP: 2/2
   652 | D:1      | Reached XP level 3. HP: 23/23 MP: 3/3
  1216 | D:2      | Found a white marble altar of Elyvilon.
  1216 | D:2      | Found an iron altar of Okawaru.
  1226 | D:2      | Found a basalt altar of Yredelemnul.
  1310 | D:2      | Reached skill level 4 in Shields
  1440 | D:2      | Reached XP level 4. HP: 24/29 MP: 4/4
  2002 | D:2      | Reached skill level 4 in Fighting
  2003 | D:2      | HP: 6/29 [jackal (2)]
  2274 | D:3      | Reached skill level 3 in Maces & Flails
  2315 | D:3      | Reached XP level 5. HP: 30/33 MP: 5/5
  2563 | D:3      | Reached skill level 1 in Dodging
  2577 | D:3      | Noticed a hippogriff
  2591 | D:2      | HP: 8/33 [hippogriff (4)]
  2593 | D:2      | HP: 2/33 [hippogriff (3)]
  2595 | D:2      | Killed a hippogriff
  2595 | D:2      | Reached skill level 4 in Armour
  2595 | D:2      | Reached XP level 6. HP: 2/39 MP: 6/6
  2893 | D:2      | HP: 8/39 [gnoll/flail (7)]
  2897 | D:2      | Slain by a gnoll

Vault maps used:
D:1:      minmay_arrival_split_and_join
D:2:      grunt_temple_overflow_open, first_bread,
          hangedman_decor_clover_reticule
D:3:      lemuel_castle_with_subvaults, kennysheep_generic_room_9

Action                   |  1- 3 |  4- 6 || total
-------------------------+-------+-------++-------
Melee: Flail             |   139 |   140 ||   279
  Use: Potion            |       |     1 ||     1
  Eat: Meat ration       |       |     1 ||     1
       Bread ration      |       |     1 ||     1
       Royal jelly       |       |     1 ||     1

Vault maps used:
D:1:      minmay_arrival_split_and_join
D:2:      grunt_temple_overflow_open, first_bread,
          hangedman_decor_clover_reticule
D:3:      lemuel_castle_with_subvaults, kennysheep_generic_room_9

Table legend:
 A = Turns spent in this place as a percentage of turns spent in the entire game.
 B = Non-inter-level travel turns spent in this place as a percentage of non-inter-level travel turns spent in the entire game.
 C = Inter-level travel turns spent in this place as a percentage of turns spent in this place.
 D = Turns resting spent in this place as a percentage of non-inter-level travel turns spent in this place.
 E = Turns spent auto-exploring this place as a percentage of non-inter-level travel turns spent in this place.
 F = Non-inter-level travel turns spent in this place divided by the number of levels of this place that you've seen.
                   A       B       C       D       E      F
               +-------+-------+-------+-------+-------+----------------------
         Total | 100.0 | 100.0 |   0.8 |   1.5 |  14.2 | 201.3
       Dungeon | 100.0 | 100.0 |   0.8 |   1.5 |  14.2 | 201.3
               +-------+-------+-------+-------+-------+----------------------

Table legend:
 A = Kills in this place as a percentage of kills in entire the game.
 B = Kills by you in this place as a percentage of kills by you in the entire game.
 C = Kills by friends in this place as a percentage of kills by friends in the entire game.
 D = Other kills in this place as a percentage of other kills in the entire game.
 E = Experience gained in this place as a percentage of experience gained in the entire game.
 F = Experience gained in this place divided by the number of levels of this place that you have seen.
                   A       B       C       D       E      F
               +-------+-------+-------+-------+-------+----------------------
         Total | 100.0 | 100.0 |  -nan |  -nan | 100.0 | 137.3
       Dungeon | 100.0 | 100.0 |  -nan |  -nan | 100.0 | 137.3
               +-------+-------+-------+-------+-------+----------------------
